 Dungeon Crawl Stone Soup version 0.26-a0-712-ga5a9c9c9d0 (webtiles) character file.

Game seed: 8821861386319281514

5 dickylongcocking the Sneak (level 1, -4/16 HPs)
             Began as an Octopode Delver on Nov 1, 2020.
             Slain by an orc
             ... wielding a +0 trident
              (5 damage)
             ... on level 4 of the Dungeon.
             The game lasted 00:00:28 (296 turns).

dickylongcocking the Sneak (Octopode Delver)         Turns: 296, Time: 00:00:28

Health: -4/16      AC:  1    Str: 11    XL:     1   Next: 80%
Magic:  1/1        EV: 13    Int: 12    God:
Gold:   15         SH:  0    Dex: 13    Spells: 0/0 levels left

rFire    . . .     SeeInvis .     - Unarmed
rCold    . . .     Faith    .   (no shield)
rNeg     . . .     Spirit   .   (helmet restricted)
rPois    .         Reflect  .   (no amulet)
rElec    .         Harm     .   (no ring)
rCorr    .         Rampage  .   (no ring)
MR       .....                  (no ring)
Stlth    ++++......             (no ring)
HPRegen  0.05/turn              (no ring)
MPRegen  0.07/turn              (no ring)
                                (no ring)
                                (no ring)

@: no status effects
A: almost no armour, stealthy swim, amphibious, 8 rings, constrict 8, camouflage
1, gelatinous body 1
a: no special abilities


You were on level 4 of the Dungeon.
You visited 1 branch of the dungeon, and saw 2 of its levels.

You collected 15 gold pieces.

Inventory:

Wands
 e - a wand of digging (3)
Scrolls
 a - a scroll of fog
 b - 2 scrolls of magic mapping
 c - a scroll of fear
Potions
 d - a potion of haste


   Skills:
 - Level 3.0 Fighting
 - Level 2.0 Dodging
 + Level 6.7 Stealth
 * Level 2.3 Unarmed Combat


You couldn't memorise any spells.
You didn't know any spells.
Your spell library was empty.

Dungeon Overview and Level Annotations

Branches:
Dungeon (5/15)
 Temple: D:4-7

Altars:


Innate Abilities, Weirdness & Mutations

You cannot wear most types of armour.
You are very stealthy in the water. (Stealth+)
You are amphibious.
You can wear up to eight rings at the same time.
You can use your tentacles to constrict eight enemies at once.
Your skin changes colour to match your surroundings (Stealth+).
Your rubbery body absorbs attacks. (AC +1, EV +1)


Message History

Your squeeze misses the frilled lizard.
The frilled lizard is heavily wounded.
You constrict the frilled lizard.
You kill the frilled lizard!
The orc misses you. The orc barely misses you.
You see here a frilled lizard corpse.
You tentacle-slap the orc. Your grab misses the orc.
The orc is moderately wounded.
The orc hits you.
You closely miss the orc. You grab the orc.
You squeeze the orc, but do no damage.
The orc is moderately wounded.
You constrict the orc. The orc hits you.
You barely miss the orc.
The orc is heavily wounded.
You constrict the orc. The orc hits you.
* * * LOW HITPOINT WARNING * * *
The orc hits you from afar with a +0 trident.
You die...

#. #).#..#
#....#
#..####..+
#P.#...
#........#
#......
#..P.....## ##
#..####...#.)#
#. #.⌠.#.!#
#...'..#
##.o####..
#@.o.....
+.......#
#..####.. #..+
. ...# ...#
.... .....


You could see 2 orcs.

Vanquished Creatures
  An orc (D:4)
  A goblin (D:4)
  A hobgoblin (D:4)
  A frilled lizard (D:4)
4 creatures vanquished.

Vanquished Creatures (others)
  2 plants (D:4)
2 creatures vanquished.

Grand Total: 6 creatures vanquished

Notes
Turn   | Place    | Note
-------+----------+-------------------------------------------
     0 | D:5      | dickylongcocking the Octopode Delver began the quest for
                  | the Orb.
     0 | D:5      | Reached XP level 1. HP: 16/16 MP: 1/1
   296 | D:4      | Slain by an orc

Illustrated notes

Levels and vault maps discovered:
D:4:      corexii_shack_village, layout_layer_cave, old_standard_altar,
          gup_sewer_entry_bowl
D:5:      layout_basic, nicolae_qazlal_general_emergency,
          minmay_temple_entry_glass, hangedman_decor_opposing,
          minmay_crystal_room

Action                   || total
-------------------------++-------
Melee: Unarmed           ||    13
       Constrict         ||     5
       Tentacles         ||     4
 Stab: Sleeping          ||     1
Dodge: Dodged            ||     7

Table legend: (Time is in decaauts)
 A = Elapsed time spent in this place.
 B = Non-inter-level travel time spent in this place.
 C = Inter-level travel time spent in this place.
 D = Time resting spent in this place.
 E = Time spent auto-exploring this place.
 F = Levels seen in this place.
 G = Mean time per level.
                   A        B        C        D        E       F      G
               +--------+--------+--------+--------+--------+-----+--------+
         Total |    295 |    295 |      0 |    177 |     23 |   2 |  147.5 |
       Dungeon |    295 |    295 |      0 |    177 |     23 |   2 |  147.5 |
               +--------+--------+--------+--------+--------+-----+--------+

Top non-repeatable levels by time:
     D:4: 213 daAuts
     D:5: 81 daAuts
